AoeStats
← 北极熊

African Clearing

510543305Analyzed
4v4 RM · 13h ago on Oct 1, 2026· 49m 40s· 8 players
Game mode
Random Map
Map size
Large (8 player)
Population
200
Speed
Normal
Resources
Standard
Victory
Conquest
Starting age
Dark Age
Ending age
Imperial Age
RankedLock teamsTeams togetherTeam positionsShared explorationLock speedFull tech treeHidden civsTurbo modeCheats
Victory
Defeat
🇨🇳 Franks · China
1255
+6
🇩🇪 Saxons · Germany
1072
+12
🇨🇳 Vikings · China
995
+15
🇨🇳 Magyars · China
985
+15
🇬🇧 Japanese · United Kingdom
1038
-14
🇫🇷 Huns · France
1006
-13
🇫🇷 Franks · France
963
-11
🇬🇧 Mongols · United Kingdom
941
-10
Tthierachien
14:37 Feudal Age
13:25 Loom
19:56 Castle Age
17:45 Double-Bit Axe
17:45 Horse Collar
18:52 Stone Mining
19:43 Fletching
30:14 Town Watch
31:16 Bodkin Arrow
38:11 Imperial Age
36:25 Wheelbarrow
36:18 Scale Barding Armor
36:24 Forging
36:36 Husbandry
36:51 Bloodlines
36:42 Gold Mining
37:51 Chain Barding Armor
38:05 Town Patrol
39:25 Iron Casting
40:06 Plate Barding Armor
39:33 Bracer
40:29 Ballistics
40:12 Elite Tarkan
41:13 Heavy Plow
43:11 Chemistry
43:14 Hand Cart
45:27 Murder Holes
_+AzTeC_Brit+_
Napoleon
12:59 Feudal Age
21:40 Castle Age
19:59 Gold Mining
20:04 Stone Mining
21:01 Double-Bit Axe
21:58 Pikeman
22:39 Squires
25:56 Wheelbarrow
31:08 Hand Cart
31:15 Bow Saw
32:05 Gold Shaft Mining
41:01 Imperial Age
38:34 Murder Holes
38:58 Guard Tower
House of Bebu
16:52 Feudal Age
20:45 Castle Age
18:44 Man-at-Arms
24:28 Forging
25:35 Double-Bit Axe
25:38 Horse Collar
27:14 Bow Saw
34:31 Scale Mail Armor
36:06 Forging
36:01 Gold Mining
38:06 Chain Mail Armor
Libertatis94
13:57 Loom
15:42 Feudal Age
20:58 Castle Age
19:14 Double-Bit Axe
23:37 Wheelbarrow
25:30 Horse Collar
26:03 Bow Saw
25:46 Stone Mining
27:38 Pikeman
29:28 Gold Mining
30:23 Fletching
31:40 Gold Shaft Mining
32:06 Bodkin Arrow
32:48 Ballistics
32:10 Treadmill Crane
32:41 Masonry
32:34 Padded Archer Armor
37:48 Imperial Age
36:01 Heavy Plow
37:16 Hand Cart
38:15 Leather Archer Armor
38:15 Heavy Mounted Crossbowman
39:18 Bracer
40:36 Two-Man Saw
39:37 Cranequins
40:36 Bloodlines
41:31 Ring Archer Armor
41:06 Husbandry
41:31 Town Watch
42:56 Chemistry
42:58 Thumb Ring
43:22 Conscription
44:20 Siege Engineers
46:27 Architecture
47:48 Hoardings
49:35 Squires
49:59 Scale Barding Armor
49:58 Scale Mail Armor
50:04 Gambesons
北极熊
16:37 Feudal Age
16:42 Man-at-Arms
18:05 Arson
24:36 Castle Age
25:04 Stone Mining
29:02 Corvinian Army
30:03 Fletching
32:06 Bodkin Arrow
35:14 Horse Collar
39:14 Imperial Age
40:29 Double-Bit Axe
40:47 Heavy Plow
41:36 Bow Saw
41:40 Gold Mining
46:04 Two-Man Saw
45:50 Gold Shaft Mining
47:06 Crop Rotation
47:19 Wheelbarrow
高老头子
8:01 Loom
12:59 Feudal Age
14:44 Double-Bit Axe
21:50 Castle Age
20:05 Fletching
20:27 Forging
21:17 Scale Mail Armor
21:18 Padded Archer Armor
21:40 Arson
23:54 Bow Saw
25:52 Stone Mining
29:26 Squires
29:45 Chain Mail Armor
32:36 Iron Casting
37:12 Imperial Age
38:21 Conscription
38:32 Capped Ram
39:14 Horse Collar
39:59 Heavy Plow
41:28 Plate Mail Armor
41:59 Blast Furnace
41:54 Crop Rotation
41:44 Elite Varangian Guard
45:12 Two-Man Saw
46:45 Bodkin Arrow
46:55 Siege Ram
一一
5:14 Loom
14:36 Feudal Age
18:14 Castle Age
16:01 Town Watch
16:47 Double-Bit Axe
18:03 Scale Barding Armor
18:51 Forging
19:42 Chain Barding Armor
20:49 Husbandry
28:49 Iron Casting
33:40 Wheelbarrow
36:03 Hand Cart
39:07 Imperial Age
39:31 Cavalier
41:05 Paladin
42:04 Gold Mining
42:48 Bow Saw
43:25 Conscription
43:31 Chivalry
45:24 Plate Barding Armor
45:50 Blast Furnace
46:05 Blast Furnace
Connection lost

Rejoining the realm…

Still unreachable

The connection could not be restored.

Session expired

The server has moved on; the page needs a fresh start.